 Dungeon Crawl Stone Soup version 0.28.0-55-gcd9437bce4 (webtiles) character file.

Game seed: 12190058145602886544

6 Atelerd the Digger (level 1, -1/11 HPs)
             Began as an Octopode Earth Elementalist on Jan 1, 2023.
             Slain by a hobgoblin (4 damage)
             ... on level 1 of the Dungeon.
             The game lasted 00:00:08 (376 turns).

Atelerd the Digger (Octopode Earth Elementalist)     Turns: 376, Time: 00:00:08

Health: -1/11      AC:  1    Str:  7    XL:     1   Next: 90%
Magic:  0/3        EV: 13    Int: 17    God:
Gold:   9          SH:  0    Dex: 12    Spells: 3/4 levels left

rFire   . . .      SeeInvis .   (no weapon)
rCold   . . .      Faith    .   (no shield)
rNeg    . . .      Spirit   .   (helmet restricted)
rPois   .          Reflect  .   (no amulet)
rElec   .          Harm     .   (no ring)
rCorr   .          Rampage  .   (no ring)
Will    .....                   (no ring)
Stlth   +++.......              (no ring)
HPRegen 0.03/turn               (no ring)
MPRegen 0.08/turn               (no ring)
                                (no ring)
                                (no ring)

@: very slightly contaminated
A: almost no armour, amphibious, 8 rings, camouflage 1, gelatinous body 1,
(nimble swimmer 1), tentacles
a: no special abilities


You were on level 1 of the Dungeon.
You visited 1 branch of the dungeon, and saw 1 of its levels.

You collected 9 gold pieces.

Inventory:

Missiles
 b - 39 stones
Jewellery
 a - a ring of magical power
Potions
 c - a potion of curing {unknown}


   Skills:
 - Level 2.0 Dodging
 + Level 2.9 Stealth
 + Level 2.1 Spellcasting
 + Level 1.2 Transmutations
 + Level 3.1 Earth Magic


You had 3 spell levels left.
You knew the following spells:

 Your Spells              Type           Power      Damage    Failure   Level
a - Sandblast             Erth           24%        2d8       5%          1

Your spell library contained the following spells:

 Spells                   Type           Power      Damage    Failure   Level
 Passwall                 Tmut/Erth      7%         N/A       12%         2
 Stone Arrow              Conj/Erth      14%        3d7       30%         3
 Petrify                  Tmut/Erth      9%         N/A       61%         4


Dungeon Overview and Level Annotations

Branches:
Dungeon (1/15)

Altars:


Innate Abilities, Weirdness & Mutations

You cannot wear most types of armour.
You are amphibious.
You can wear up to eight rings at the same time.
Your skin changes colour to match your surroundings (Stealth+).
Your rubbery body absorbs attacks. (AC +1, EV +1)
((You are camouflaged when in or above water. (Stealth+)))
You have tentacles for arms and can constrict up to eight enemies at once.


Message History

No target in view!
Key pressed, stopping explore.
You can't see any susceptible monsters within range! (Use Z to cast anyway.)
Found a stone staircase leading down.
You can't see any susceptible monsters within range! (Use Z to cast anyway.) No target in view!
There is a stone staircase leading down here.
Key pressed, stopping explore.
You can't see any susceptible monsters within range! (Use Z to cast anyway.) No target in view!
Key pressed, stopping explore.
You can't see any susceptible monsters within range! (Use Z to cast anyway.) No target in view!
An endoplasm comes into view.
Found 5 poisoned darts.
You can't see any susceptible monsters within range! (Use Z to cast anyway.)
A hobgoblin and a bat come into view.
You can't see any susceptible monsters within range! (Use Z to cast anyway.)
There are monsters nearby!
A dart slug comes into view.
Found a faded altar of an unknown god.
There are monsters nearby!
You miscast Sandblast.
You are very lightly contaminated with residual magic.
Nothing appears to happen.
The hobgoblin shouts!
The endoplasm quivers.
The blast of sand hits the bat!
You kill the bat!
An endoplasm comes into view.
The endoplasm freezes you.
You are frozen.
The blast of sand hits the endoplasm!
You kill the endoplasm!
The hobgoblin hits you.
* * * LOW HITPOINT WARNING * * *
There are monsters nearby!
Unknown command.
The hobgoblin hits you.
You die...

##.##8.8.8 #.
##...#..._.
#w###.....8.8..
............J..
#...........8.8
........(.#
#.......# #†....#
#@g..#############
#.####............
#.# #.###.##.# #
#.####.###.##.# #
#...>......##.# #
######.######.# #
#.# #.# #.######.#
#........##


You could see a dart slug (asleep), an endoplasm and a hobgoblin.

Vanquished Creatures
  A bat (D:1)
  An endoplasm (D:1)
  A hobgoblin (D:1)
  A quokka (D:1)
  A frilled lizard (D:1)
5 creatures vanquished.

Notes
Turn   | Place    | Note
-------+----------+-------------------------------------------
     0 | D:1      | Atelerd the Octopode Earth Elementalist began the quest for
                  | the Orb.
     0 | D:1      | Reached XP level 1. HP: 11/11 MP: 3/3
   371 | D:1      | Found a faded altar of an unknown god.
   376 | D:1      | Slain by a hobgoblin

Illustrated notes

Levels and vault maps discovered:
D:1:      beargit_arrival_greenhouse, layout_loops_ring,
          ebering_ecumenical_altar_ruins

Action                   || total
-------------------------++-------
Melee: Unarmed           ||     2
 Cast: Sandblast         ||     7
Dodge: Dodged            ||     4
